 Dungeon Crawl Stone Soup version 0.30-a0-347-gf58ed5266c (webtiles) character file.

Game seed: 7557475197751602307

255271 experimilk the Devastator (level 19, -14/128 HPs)
             Began as a White Draconian Conjurer on Nov 5, 2022.
             Was an Elder of Sif Muna.
             Shot with a bolt by a vault warden (20 damage)
             ... on level 1 of the Vaults on Nov 6, 2022.
             The game lasted 03:41:21 (71583 turns).

experimilk the Devastator (DrCj)                   Turns: 71583, Time: 03:41:21

Health: -14/128    AC: 14    Str: 10    XL:     19   Next: 4%
Magic:  16/47      EV: 15    Int: 26    God:    Sif Muna [****..]
Gold:   3600       SH:  0    Dex: 10    Spells: 1/48 levels left

rFire   + + .      SeeInvis .    x - staff of conjuration
rCold   + + .      Faith    .    (no shield)
rNeg    . . .      Spirit   .    (body armour unavailable)
rPois   .          Reflect  .    (helmet restricted)
rElec   .          Harm     .    n - scarf {rC+ rF+}
rCorr   +          Rampage  .    T - +2 pair of gloves
Will    ++...                    R - +0 pair of boots of Experimentation {Will+ Slay+2}
Stlth   ++........               s - amulet of the Endless Expanse {Acrobat rF+ Stlth+}
HPRegen 0.41/turn                h - ring of resist corrosion
MPRegen 0.30/turn                L - ring of magical power

@: confused, short of breath, ambrosia-drunk, channelling
A: breathe frost, AC +10, unfitting armour, cold resistance 1, cold-blooded
}: 2/15 runes: serpentine, barnacled
a: Breathe Frost, Renounce Religion, Channel Magic, Forget Spell, Divine
Exegesis


You were on level 1 of the Vaults.
You worshipped Sif Muna.
Sif Muna was greatly pleased with you.
You visited 6 branches of the dungeon, and saw 31 of its levels.
You also visited: Bailey and Gauntlet.

You collected 5171 gold pieces.
You spent 1571 gold pieces at shops.

Inventory:

Hand Weapons
 y - the +9 dagger of Moral Flaws {vorpal, Str+3 Int+5}
   (You found it on level 1 of the Shoals)

   It inflicts extra damage upon your enemies.
   Str:       It affects your strength (+3).
   Int:       It affects your intelligence (+5).
Missiles
 o - a throwing net
Armour
 n - a scarf of resistance (worn)
 R - the +0 pair of boots of Experimentation (worn) {Will+ Slay+2}
   (You found it in a Gauntlet)

   Slay:      It affects your accuracy & damage with ranged weapons and melee
   (+2).
   Will:      It increases your willpower.
 T - a +2 pair of gloves (worn)
Magical Staves
 u - a staff of earth
 w - a staff of cold
 x - a staff of conjuration (weapon)
Jewellery
 c - the ring of Geutret {rPois rF- Str+6 Dex+4 Slay+3}
   (You found it on level 5 of the Lair of Beasts)

   [ring of strength]

   Str:       It affects your strength (+6).
   Dex:       It affects your dexterity (+4).
   Slay:      It affects your accuracy & damage with ranged weapons and melee
   (+3).
   rF:        It makes you vulnerable to fire.
   rPois:     It protects you from poison.
 g - a ring of poison resistance
 h - a ring of resist corrosion (left hand)
 l - an amulet of magic regeneration
 s - the amulet of the Endless Expanse (around neck) {Acrobat rF+ Stlth+}
   (You found it in a Gauntlet)

   [amulet of the acrobat]

   It increases your evasion while moving and waiting.
   rF:        It protects you from fire.
   Stlth:     It makes you more stealthy.
 t - a ring of protection from fire
 L - a ring of magical power (right hand)
 X - a ring of wizardry
Wands
 q - a wand of paralysis (3)
 A - a wand of digging (10)
 C - a wand of iceblast (32)
 K - a wand of acid (6)
 N - a wand of flame (56)
Scrolls
 a - 9 scrolls of identify
 b - a scroll of brand weapon
 d - 5 scrolls of poison
 i - 6 scrolls of immolation
 j - 3 scrolls of amnesia
 k - 12 scrolls of teleportation
 p - 4 scrolls of fear
 F - a scroll of silence
 H - 5 scrolls of magic mapping
 J - 3 scrolls of vulnerability
 Q - 5 scrolls of enchant armour
 S - 4 scrolls of enchant weapon
 U - 6 scrolls of fog
 W - 2 scrolls of summoning
 Z - a scroll of blinking
Potions
 e - 9 potions of curing
 m - a potion of magic
 r - a potion of berserk rage
 z - 4 potions of ambrosia
 D - 6 potions of flight
 E - 4 potions of might
 M - a potion of resistance
 P - 7 potions of haste
Miscellaneous
 f - a phantom mirror
 B - a phial of floods
 Y - a condenser vane


   Skills:
 - Level 2.0 Fighting
 - Level 10.0 Dodging
 - Level 1.7 Stealth
 + Level 15.1 Spellcasting
 * Level 20.4 Conjurations
 - Level 8.0 Summonings
 - Level 8.0 Translocations
 + Level 14.5 Ice Magic
 * Level 11.0 Earth Magic
 - Level 12.0 Invocations


You had one spell level left.
You knew the following spells:

 Your Spells              Type           Power      Damage    Failure   Level
a - Freezing Cloud        Conj/Ice/Air   44%        6-21      1%          5
b - Spellforged Servitor  Conj/Summ      48%        N/A       7%          7
c - Iskenderun's Mystic   Conj/Tloc      96%        2d19      1%          4
d - Magic Dart            Conj           100%       1d8       0%          1
n - Orb of Destruction    Conj           56%        9d14      1%          7
q - Apportation           Tloc           100%       N/A       1%          1
s - Ozocubu's Armour      Ice            76%        N/A       1%          3
v - Iskenderun's Battles  Conj           100%       2d15      1%          5
w - Lesser Beckoning      Tloc           100%       N/A       1%          3
x - Lehudib's Crystal Sp  Conj/Erth      50%        10d12     28%         8
z - Stone Arrow           Conj/Erth      100%       3d13      0%          3

Your spell library contained the following spells:

 Spells                   Type           Power      Damage    Failure   Level
 Kiss of Death            Conj/Necr      100%       2d13      1%          1
 Sandblast                Erth           100%       2d20      1%          1
 Summon Small Mammal      Summ           100%       N/A       1%          1
 Necrotise                Necr           76%        1d7       2%          1
 Momentum Strike          Conj/Tloc      100%       3d10      0%          2
 Searing Ray              Conj           100%       2d8       0%          2
 Hailstorm                Conj/Ice       100%       3d20      0%          3
 Blink                    Tloc           100%       N/A       1%          2
 Ensorcelled Hibernation  Hex/Ice        100%       N/A       1%          2
 Passwall                 Tmut/Erth      40%        N/A       1%          2
 Static Discharge         Conj/Air       100%       2-7/arc   1%          2
 Call Canine Familiar     Summ           57%        N/A       1%          3
 Dazzling Flash           Conj/Hex       100%       N/A       1%          3
 Gell's Gravitas          Tloc           57%        N/A       1%          3
 Mephitic Cloud           Conj/Pois/Air  70%        N/A       1%          3
 Teleport Other           Tloc           57%        N/A       1%          3
 Fulminant Prism          Conj/Hex       41%        3d19      1%          4
 Manifold Assault         Tloc           57%        N/A       1%          4
 Fireball                 Conj/Fire      41%        3d17      1%          5
 Irradiate                Conj/Tmut      41%        3d25      1%          5
 Lightning Bolt           Conj/Air       41%        1d60      1%          5
 Iron Shot                Conj/Erth      50%        9d10      1%          6
 Summon Forest            Summ/Tloc      28%        N/A       2%          5
 Metabolic Englaciation   Hex/Ice        27%        N/A       3%          5
 Cigotuvi's Dreadful Rot  Necr/Pois/Air  38%        N/A       4%          2
 Poisonous Vapours        Pois/Air       38%        N/A       4%          2
 Summon Lightning Spire   Summ/Air       40%        N/A       5%          4
 Conjure Ball Lightning   Conj/Air       41%        3x3d14    6%          6
 Spider Form              Tmut/Pois      19%        N/A       9%          3
 Dispersal                Tloc           28%        N/A       16%         6
 Simulacrum               Ice/Necr       27%        N/A       22%         6
 Airstrike                Air            9%         2d(2-18)  26%         4
 Anguish                  Hex/Necr       9%         N/A       26%         4
 Malign Gateway           Summ/Tloc      28%        N/A       65%         7
 Monstrous Menagerie      Summ           28%        N/A       65%         7
 Haunt                    Necr/Summ      20%        N/A       99%         7
 Disjunction              Tloc           28%        N/A       100%        8
 Shatter                  Erth           33%        3d27*     100%        9
 Animate Armour           Summ/Erth      Unusable   N/A       N/A         4

Dungeon Overview and Level Annotations

Branches:
Dungeon (15/15)            Temple (0/1) D:7            Lair (5/5) D:11
 Shoals (4/4) Lair:2        Snake (4/4) Lair:2        Slime (0/5) Lair:4
    Orc (2/2) D:10            Elf (0/3) Orc:2        Vaults (1/5) D:14
 Depths (0/4) D:15         Bailey (visited)         Gauntlet (visited)

Altars:
Cheibriados
Dithmenos
Hepliaklqana
Makhleb
Nemelex Xobeh
Qazlal
Sif Muna
Uskayaw
Wu Jian
Zin
Jiyva

Shops:
D:2 (   D:4 (   D:6 (   Orc:1 *   Orc:2 ([(*   Snake:3 :   Snake:4 ::=
Vaults:1 ?

Annotations:
D:4 1 transporter
D:7 3 runed translucent doors, AmazingPX's ghost, novice HOBe; Joseph
D:9 2 transporters
D:13 2 transporters, mcwallace's ghost, journeyman VSFi
D:14 exclusion: orange crystal statue
Lair:3 3 runed translucent doors, Tischemav's ghost, journeyman DsFi
Shoals:2 3 runed translucent doors, Hoelubiu's ghost, adept AtFi; Tagont's ghost, adept DsGl
Snake:3 6 transporters


Innate Abilities, Weirdness & Mutations

You can breathe waves of freezing cold which knock back foes.
Your icy white scales are hard. (AC +10)
You cannot fit into any form of body armour.
Your flesh is cold resistant. (rC+)
You are cold-blooded and may be slowed by cold attacks.


Message History

Sif Muna accepts your kill.
The ironbound thunderhulk is engulfed in freezing vapours.
Electricity crackles from the ironbound thunderhulk's apparatus.
The bolt of lightning misses you.
The deep troll is engulfed in freezing vapours.
The vault warden is engulfed in freezing vapours.
The vault warden shoots a bolt.
The bolt hits you!!
The war gargoyle is engulfed in freezing vapours.
The war gargoyle launches metal splinters at you.
The spray of metal splinters misses you.
The ironbound thunderhulk is engulfed in freezing vapours.
Strange energies crackle from the ironbound thunderhulk's apparatus.
The ironbound thunderhulk blinks!
The deep troll is engulfed in freezing vapours.
The deep troll completely misses you. The deep troll barely misses you.
The deep troll claws you.
The vault warden is engulfed in freezing vapours.
The vault warden shoots a bolt.
The bolt hits you!!
* * * LOW HITPOINT WARNING * * *
Your spellforged servitor is engulfed in freezing vapours.
Your spellforged servitor casts a spell at the deep troll.
The crystal spear hits the deep troll!!!
The deep troll dies!
Sif Muna accepts your kill.
Unknown command.
You are confused.
You feel invigorated.
The war gargoyle is engulfed in freezing vapours.
The vault warden is engulfed in freezing vapours.
The vault warden shoots a bolt.
The bolt barely misses you.
Unknown command.
You are too confused!
You closely miss the war gargoyle.
Your tail-slap misses the war gargoyle.
The war gargoyle is moderately damaged.
The war gargoyle hits you with a +3 antimagic lajatang!!
* * * LOW HITPOINT WARNING * * *
You feel your power leaking away.
The vault warden is engulfed in freezing vapours.
The vault warden shoots a bolt.
The bolt hits you!!
You die...

#...÷))).........#
#####+############
#...[.÷#
#......########
#......#......#
#...)..'......#
#......#..>...#
#.^....#......########
#......#......+.@....#
#......#.....9#†9..§.#
#......#......#9§§§p.#
#......#......#§§§§§§#
#..>...+......+§§§§§§#
#......########§§§§§§#
#......# #.O.§.§#
#......# ########
####'#####


You could see a vault warden, an ironbound thunderhulk, a war gargoyle (catching
breath, ally target) and a friendly spellforged servitor (summoned).

Vanquished Creatures
  6 nagarajas (Snake:4)
  Ilsuiw (Shoals:4)
  A frost giant (Shoals:1)
  Aizul (Snake:2)
  2 ironbound preservers (Vaults:1)
  A very ugly thing (D:15)
  2 ironbound thunderhulks (Vaults:1)
  A dire elephant (Vaults:1)
  A minotaur (Gauntlet)
  A blizzard demon (Gauntlet)
  5 merfolk javelineers
  2 merfolk impalers
  9 hydras
  A salamander tyrant (Snake:2)
  7 vault guards (D:14)
  5 merfolk avatars
  7 centaur warriors
  An alligator snapping turtle (Shoals:4)
  5 anacondas
  3 catoblepae
  4 merfolk aquamancers
  5 two-headed ogres
  10 death yaks
  9 naga warriors
  A tengu warrior (D:13)
  2 boulder beetles
  Urug (Lair:2)
  2 naga sharpshooters
  8 shock serpents
  6 sea snakes
  A death drake (Gauntlet)
  15 deep trolls (Vaults:1)
  A glowing orange brain (D:15)
  3 naga ritualists
  A wizard (D:15)
  4 lindwurms (Lair:5)
  Pikel (D:7)
  3 ironbound convokers (Vaults:1)
  2 wolf spider zombies (Gauntlet)
  A harpy (Shoals:4)
  5 mana vipers
  3 deep elf pyromancers (D:13)
  A mana viper (shapeshifter) (Gauntlet)
  4 oklob plants (Lair:2)
  An orc knight (Orc:1)
  12 ugly things
  4 orc sorcerers
  2 wolf spiders (D:13)
  13 manticores
  15 salamanders
  13 cyclopes
  13 fauns
  A centaur zombie (Gauntlet)
  18 elephants
  28 black mambas
  2 water nymphs (Shoals:4)
  4 merfolk sirens
  5 guardian serpents
  5 torpor snails (Lair:5)
  18 naga magi
  An ice statue (Snake:4)
  10 cane toads
  An efreet (D:15)
  6 rime drakes
  A yaktaur (Vaults:1)
  A kobold demonologist (D:9)
  2 komodo dragons (Lair:3)
  21 merfolk
  A queen bee (D:9)
  7 trolls
  3 tyrant leeches (Lair:5)
  2 wind drakes (Shoals:4)
  11 hornets
  5 snapping turtles
  Grinder (D:3)
  16 slime creatures
  15 blink frogs
  21 dream sheep
  A spriggan (shapeshifter) (Gauntlet)
  2 shadows
  49 yaks
  9 water elementals
  5 wraiths
  2 basilisks
  4 hogs (Shoals:4)
  A yak (shapeshifter) (D:13)
  8 wyverns
  Eustachio (D:5)
  7 wargs
  6 vampire mosquitoes
  24 nagas
  A swamp worm (shapeshifter) (Gauntlet)
  3 acid dragons
  34 water moccasins
  A floating eye (shapeshifter) (D:15)
  A floating eye (Lair:2)
  A nameless horror (Shoals:3)
  23 orc warriors
  A swamp drake (Lair:1)
  An ice beast (D:5)
  4 black bears
  2 sky beasts
  7 ogres
  22 wolves
  10 centaurs
  A phantom (D:4)
  2 kobold brigands
  A lemure (D:7)
  6 bullfrogs
  11 gnoll sergeants
  3 scorpions
  8 wights
  25 killer bees
  8 howler monkeys
  2 electric eels (Lair:1)
  3 hounds
  2 jellies
  6 gnoll boudas
  18 orc priests
  Ijyb (D:3)
  Jessica (D:3)
  2 iguanas
  20 orc wizards
  20 gnolls
  17 adders
  A shadow imp (D:5)
  A white imp (D:7)
  2 worms
  5 dart slugs
  69 orcs
  10 ball pythons
  6 endoplasms
  3 giant cockroaches (D:3)
  9 goblins
  7 hobgoblins
  7 quokkas
  8 bats
  5 frilled lizards
  20 kobolds
  6 rats
  A bush (Lair:2)
981 creatures vanquished.

Vanquished Creatures (collateral kills)
  Saint Roka (Orc:2)
  Agnes (Snake:4)
  Kirke (Shoals:4)
  Donald (Snake:1)
  4 nagarajas
  A frost giant (Shoals:4)
  An orc warlord (Orc:1)
  An ironbound preserver (Vaults:1)
  3 dire elephants (Vaults:1)
  5 merfolk impalers
  4 merfolk javelineers
  A yaktaur captain (Vaults:1)
  A rakshasa (D:15)
  An ice dragon (Lair:5)
  Josephine (Shoals:1)
  5 anacondas
  2 alligator snapping turtles
  3 satyrs
  A boulder beetle (D:15)
  3 centaur warriors
  A merfolk avatar (Shoals:2)
  7 naga warriors
  A merfolk aquamancer (Shoals:4)
  A tengu warrior (D:15)
  2 shock serpents
  6 naga sharpshooters
  3 salamander mystics
  3 skeletal warriors (D:13)
  3 sea snakes
  4 deep trolls (Vaults:1)
  A harpy (Shoals:4)
  4 mana vipers
  A manticore (Shoals:3)
  A cyclops (Shoals:3)
  6 salamanders
  5 fauns
  A merfolk siren (Shoals:4)
  2 nameless horrors (Snake:2)
  4 guardian serpents
  A water nymph (Shoals:1)
  12 black mambas
  6 naga magi
  An ice devil (Gauntlet)
  13 merfolk
  2 snapping turtles
  2 water elementals
  A wraith (Shoals:1)
  11 nagas
  2 orc warriors
148 creatures vanquished.

Vanquished Creatures (others)
  A naga (Snake:1)
  An adder (Lair:1)
  2 bushes (D:11)
  44 fulminant prisms
  59 fungi
  167 plants
274 creatures vanquished.

Grand Total: 1403 creatures vanquished

Notes
Turn   | Place    | Note
-------+----------+-------------------------------------------
     0 | D:1      | experimilk the Draconian Conjurer began the quest for the
                  | Orb.
     0 | D:1      | Reached XP level 1. HP: 14/14 MP: 3/3
   226 | D:1      | Reached XP level 2. HP: 16/20 MP: 0/5
   786 | D:1      | Learned a level 2 spell: Searing Ray
   976 | D:2      | Reached skill level 5 in Conjurations
  1013 | D:2      | Reached XP level 3. HP: 20/26 MP: 0/6
  1268 | D:2      | Found Sotsecvu's Weapon Shoppe.
  2099 | D:3      | You fall into a shaft and drop 1 floor!
  2104 | D:4      | Found Jupug's Antique Weapon Emporium.
  2193 | D:3      | Found a shimmering blue altar of Sif Muna.
  2201 | D:3      | Became a worshipper of Sif Muna the Loreminder
  2329 | D:3      | Reached XP level 4. HP: 33/33 MP: 5/7
  2412 | D:3      | Noticed Grinder
  2413 | D:3      | Paralysed by Grinder for 4 turns
  2423 | D:3      | Killed Grinder
  2424 | D:3      | Reached skill level 7 in Conjurations
  2424 | D:3      | Reached XP level 5. HP: 38/38 MP: 1/8
  2424 | D:3      | Reached XP level 6. HP: 45/45 MP: 1/9
  2462 | D:3      | Noticed Jessica
  2464 | D:3      | Killed Jessica
  2639 | D:3      | Found a faded altar of an unknown god.
  2896 | D:3      | Noticed Ijyb
  2910 | D:3      | Killed Ijyb
  3071 | D:4      | Reached skill level 8 in Conjurations
  3076 | D:4      | Learned a level 4 spell: Iskenderun's Mystic Blast
  3078 | D:4      | Learned a level 1 spell: Apportation
  3142 | D:4      | Reached * piety under Sif Muna
  3143 | D:4      | Your scales start taking on an icy white colour.
  3143 | D:4      | Reached XP level 7. HP: 39/50 MP: 3/10
  3143 | D:4      | Gained mutation: Your flesh is cold resistant. (rC+) [White
                  | Draconian growth]
  3600 | D:4      | Found a burning altar of Makhleb.
  3751 | D:4      | Reached skill level 1 in Translocations
  4149 | D:4      | Reached skill level 9 in Conjurations
  4149 | D:4      | Reached skill level 1 in Invocations
  4185 | D:4      | Noticed a +0 spear
  4185 | D:4      | Noticed a +0 falchion
  4185 | D:4      | Noticed a +0 dagger
  4192 | D:4      | Noticed a +0 short sword
  4192 | D:4      | Noticed a +0 dagger
  4193 | D:4      | Noticed a +0 short sword
  4195 | D:4      | Noticed a +0 falchion
  4196 | D:4      | Noticed a +0 spear
  4214 | D:4      | Found a hide-covered altar of Uskayaw.
  4392 | D:4      | Found a sparkling altar of Nemelex Xobeh.
  4392 | D:4      | Found a transporter.
  4393 | D:4      | Noticed a yak
  4449 | D:5      | Entered Level 5 of the Dungeon
  4557 | D:5      | Reached XP level 8. HP: 57/57 MP: 7/11
  4620 | D:5      | Found a snail-covered altar of Cheibriados.
  4638 | D:5      | Found an ornate altar of the Wu Jian Council.
  4798 | D:5      | Reached skill level 10 in Conjurations
  5079 | D:6      | Noticed Eustachio
  5091 | D:5      | Killed Eustachio
  5473 | D:6      | Found Hamoopee's Weapon Emporium.
  5520 | D:6      | Reached ** piety under Sif Muna
  5599 | D:6      | Reached skill level 5 in Invocations
  5801 | D:6      | Found a hazy altar of Hepliaklqana.
  6047 | D:7      | Noticed Pikel
  6055 | D:7      | Killed Pikel
  6056 | D:7      | Reached skill level 11 in Conjurations
  6056 | D:7      | Reached XP level 9. HP: 57/62 MP: 6/14
  6160 | D:7      | Found a staircase to the Ecumenical Temple.
  6226 | D:7      | Found a glowing silver altar of Zin.
  6419 | D:7      | Found a runed translucent gate.
  6419 | D:7      | Found a runed translucent gate.
  6419 | D:7      | Found a runed translucent gate.
  6420 | D:7      | Noticed AmazingPX's ghost (novice HOBe)
  6572 | D:7      | Noticed Joseph
  7427 | D:8      | Reached skill level 12 in Conjurations
  7760 | D:9      | Found a stormy altar of Qazlal.
  7891 | D:9      | Found a shadowy altar of Dithmenos.
  7915 | D:9      | Found a flagged portal.
  7946 | Bailey   | Entered a bailey
  8118 | Bailey   | Learned a level 4 spell: Fulminant Prism
  8157 | Bailey   | Reached *** piety under Sif Muna
  8244 | Bailey   | Reached XP level 10. HP: 65/69 MP: 14/16
  8305 | Bailey   | Identified the amulet "Furam" {Reflect rN+ SH+5 Stlth+}
  8562 | Bailey   | Reached skill level 1 in Fighting
  9145 | D:9      | Found a transporter.
  9145 | D:9      | Found a transporter.
  9148 | D:9      | Found a viscous altar of Jiyva.
  9338 | D:9      | Noticed a smoke demon
  9340 | D:9      | Reached skill level 5 in Translocations
  9387 | D:9      | Reached **** piety under Sif Muna
  9547 | D:9      | Reached skill level 5 in Dodging
  9852 | D:10     | Entered Level 10 of the Dungeon
 10279 | D:10     | Reached XP level 11. HP: 79/79 MP: 3/17
 10555 | D:10     | Identified the +1 leather armour "Qosk" {Int+2}
 10781 | D:10     | Found a staircase to the Orcish Mines.
 10825 | D:10     | Noticed a two-headed ogre
 10832 | D:10     | Killed a two-headed ogre
 10865 | D:10     | Learned a level 3 spell: Lesser Beckoning
 10869 | D:10     | Learned a level 3 spell: Teleport Other
 11334 | D:10     | Reached skill level 5 in Spellcasting
 11334 | D:10     | Reached ***** piety under Sif Muna
 11520 | D:11     | Noticed a two-headed ogre
 11525 | D:11     | Killed a two-headed ogre
 11674 | D:11     | Reached skill level 13 in Conjurations
 11859 | D:11     | Received a gift from Sif Muna
 11870 | D:11     | Got Sif Muna's Directory of Terrestrial Striking {god gift}
 11910 | D:11     | Found a staircase to the Lair.
 12401 | D:11     | Noticed a two-headed ogre
 12413 | D:11     | Killed a two-headed ogre
 12755 | Lair:1   | Entered Level 1 of the Lair of Beasts
 13197 | Lair:1   | Reached XP level 12. HP: 79/85 MP: 21/21
 13257 | Lair:1   | Reached skill level 14 in Conjurations
 13431 | Lair:1   | Reached skill level 10 in Invocations
 14103 | Lair:2   | Noticed a death yak
 14107 | Lair:2   | Noticed a death yak
 14110 | Lair:2   | Noticed Urug
 14110 | Lair:2   | Noticed a death yak
 14520 | Lair:2   | Paralysed by a floating eye for 4 turns
 14962 | Lair:2   | Found a staircase to the Snake Pit.
 14996 | Lair:2   | Noticed a death yak
 14997 | Lair:2   | Noticed a death yak
 15001 | Lair:2   | Noticed a death yak
 15002 | Lair:2   | Noticed a death yak
 15017 | Lair:1   | Killed a death yak
 15483 | Lair:2   | Killed Urug
 15685 | Lair:2   | Killed a death yak
 16120 | Lair:2   | Found a staircase to the Shoals.
 16535 | Lair:3   | Noticed a boulder beetle
 16578 | Lair:3   | Killed a boulder beetle
 16579 | Lair:3   | Reached XP level 13. HP: 59/91 MP: 12/24
 16931 | Lair:3   | Reached skill level 15 in Conjurations
 17246 | Lair:3   | Found a runed translucent gate.
 17247 | Lair:3   | Found a runed translucent gate.
 17247 | Lair:3   | Noticed Tischemav's ghost (journeyman DsFi)
 17249 | Lair:3   | Found a runed translucent gate.
 18181 | Lair:4   | Learned a level 9 spell: Shatter
 19030 | Lair:4   | Received a gift from Sif Muna
 19031 | Lair:4   | Reached skill level 16 in Conjurations
 19036 | Lair:4   | Got Cerebov's Incunable of Distant Worlds {god gift}
 19650 | Lair:4   | Learned a level 5 spell: Freezing Cloud
 19801 | Lair:4   | Reached skill level 1 in Ice Magic
 20380 | Lair:4   | Found a viscous altar of Jiyva.
 20381 | Lair:4   | Found a staircase to the Slime Pits.
 20459 | Lair:5   | Entered Level 5 of the Lair of Beasts
 21614 | Lair:5   | Reached skill level 5 in Ice Magic
 21789 | Lair:5   | Reached XP level 14. HP: 83/99 MP: 6/27
 22931 | Lair:5   | Reached skill level 10 in Spellcasting
 22939 | Lair:5   | Learned a level 7 spell: Spellforged Servitor
 23340 | Lair:5   | Reached skill level 1 in Earth Magic
 23586 | Lair:5   | Learned a level 3 spell: Stone Arrow
 23767 | Lair:5   | Paralysed by a hornet for 2 turns
 24007 | Lair:5   | Reached skill level 1 in Summonings
 24519 | Lair:5   | Found a runed translucent door.
 25443 | Lair:5   | Identified the +0 plate armour of Fortitude {MP+9 Str+3}
 26266 | Lair:5   | Identified the ring of Geutret {rPois rF- Str+6 Dex+4
                  | Slay+3}
 26807 | Orc:1    | Entered Level 1 of the Orcish Mines
 26868 | Orc:1    | Found Naigoot's Assorted Antiques.
 26883 | Orc:1    | Bought a scroll of identify for 60 gold pieces
 27099 | Orc:1    | Noticed an orc warlord
 27107 | Orc:1    | Killed an orc warlord
 27552 | Orc:2    | Entered Level 2 of the Orcish Mines
 29731 | Orc:2    | Found a staircase to the Elven Halls.
 30890 | Orc:2    | Noticed Saint Roka
 31671 | Orc:2    | Killed Saint Roka
 31672 | Orc:2    | Reached XP level 15. HP: 24/104 MP: 14/31
 32171 | Orc:2    | Learned a level 8 spell: Lehudib's Crystal Spear
 32603 | Orc:2    | Found Faamo's Antique Weapon Shop.
 32605 | Orc:2    | Found Qiakomib's Antique Armour Boutique.
 32741 | Orc:2    | Found Koapess's Weapon Emporium.
 32796 | Orc:2    | Found Puirricw's General Store.
 32801 | Orc:2    | Bought a scroll of teleportation for 42 gold pieces
 32801 | Orc:2    | Bought a scroll of identify for 28 gold pieces
 32801 | Orc:2    | Bought a scroll of amnesia for 56 gold pieces
 33042 | D:12     | Found a gate leading to a gauntlet.
 33047 | Gauntlet | Entered a Gauntlet
 33047 | Gauntlet | Found a transporter.
 33047 | Gauntlet | Found a transporter.
 33116 | Gauntlet | Found a transporter.
 33129 | Gauntlet | Found a transporter.
 33149 | Gauntlet | Found a transporter.
 33156 | Gauntlet | Found a transporter.
 33250 | Gauntlet | Found a transporter.
 33261 | Gauntlet | Found a transporter.
 33277 | Gauntlet | Found a transporter.
 33290 | Gauntlet | Found a transporter.
 33307 | Gauntlet | Found a transporter.
 33388 | Gauntlet | Found a transporter.
 34272 | Gauntlet | Identified the +0 pair of boots of Experimentation {Will+
                  | Slay+2}
 34306 | Gauntlet | Found a transporter.
 34337 | Gauntlet | Found a transporter.
 34349 | Gauntlet | Reached skill level 5 in Summonings
 34520 | Gauntlet | Identified the amulet of the Endless Expanse {Acrobat rF+
                  | Stlth+}
 36138 | D:12     | Found a shimmering blue altar of Sif Muna.
 36404 | D:13     | Found a transporter.
 36828 | D:13     | Noticed a storm dragon
 36828 | D:13     | Noticed mcwallace's ghost (journeyman VSFi)
 36947 | D:13     | Found a transporter.
 37669 | D:13     | Reached skill level 5 in Earth Magic
 38522 | D:13     | Identified the +2 morningstar "Naitt" {freeze, rC+ Will+
                  | Dex+3}
 38705 | D:13     | Reached skill level 17 in Conjurations
 41312 | D:14     | Found a runed translucent door.
 41770 | D:14     | Found a gate to the Vaults.
 42521 | D:14     | Reached skill level 18 in Conjurations
 43111 | Snake:1  | Entered Level 1 of the Snake Pit
 44115 | Snake:1  | Reached XP level 16. HP: 57/111 MP: 4/32
 44670 | Snake:1  | Identified the +2 quarterstaff of Nuemibbuomu {vorpal,
                  | *Slow Str-5 Int+8 Stlth+}
 44947 | Snake:1  | Noticed Donald
 44959 | Snake:1  | Killed Donald
 45500 | Snake:1  | Learned a level 3 spell: Ozocubu's Armour
 45976 | Snake:1  | Reached skill level 10 in Ice Magic
 46785 | Snake:1  | Identified the +0 robe of Yselupsa {rC++ Str-4 Int+3}
 47948 | Snake:2  | Noticed Aizul
 47956 | Snake:2  | Killed Aizul
 48400 | Snake:2  | Found an ornate altar of the Wu Jian Council.
 50754 | Snake:3  | Found Kijikh's Book Shop.
 51016 | Snake:3  | Found a transporter.
 51018 | Snake:3  | Bought a book of Power for 672 gold pieces
 51029 | Snake:3  | Learned a level 5 spell: Iskenderun's Battlesphere
 51048 | Snake:3  | Found a transporter.
 51200 | Snake:3  | Found a transporter.
 51295 | Snake:3  | Found a transporter.
 51570 | Snake:3  | Found a transporter.
 51781 | Snake:3  | Found a transporter.
 52981 | Snake:4  | Entered Level 4 of the Snake Pit
 53417 | Snake:4  | Reached XP level 17. HP: 116/116 MP: 26/35
 53843 | Snake:4  | Found Gysu's Jewellery Shoppe.
 53843 | Snake:4  | Found Wuobrak's Book Boutique.
 53844 | Snake:4  | Found Donleenn's Book Boutique.
 54018 | Snake:4  | Bought a ring of magical power for 400 gold pieces
 54855 | Snake:4  | Reached skill level 10 in Earth Magic
 54883 | Snake:4  | Noticed Agnes
 54889 | Snake:4  | Killed Agnes
 55201 | Snake:4  | Received a gift from Sif Muna
 55604 | Snake:4  | Got a serpentine rune of Zot
 56209 | Shoals:1 | Entered Level 1 of the Shoals
 58809 | Shoals:1 | Identified the +9 dagger of Moral Flaws {vorpal, Str+3
                  | Int+5}
 58881 | Shoals:1 | Identified the +1 chain mail of the Bespelling Gods {rElec
                  | rN+ rCorr Stlth-}
 59722 | Shoals:1 | Noticed Josephine
 59724 | Shoals:1 | Killed Josephine
 61429 | Shoals:2 | Received a gift from Sif Muna
 61430 | Shoals:2 | Got Sif Muna's Disquisition on Coordinates and Generation
                  | {god gift}
 61593 | Shoals:2 | Found a runed translucent gate.
 61594 | Shoals:2 | Found a runed translucent gate.
 61595 | Shoals:2 | Found a runed translucent gate.
 61604 | Shoals:2 | Noticed Hoelubiu's ghost (adept AtFi)
 61604 | Shoals:2 | Noticed Tagont's ghost (adept DsGl)
 61606 | Shoals:2 | Noticed Hoelubiu's ghost (adept AtFi)
 61606 | Shoals:2 | Noticed Hoelubiu's ghost (adept AtFi)
 61893 | Shoals:2 | Reached skill level 19 in Conjurations
 61898 | Shoals:2 | Reached XP level 18. HP: 80/123 MP: 14/36
 64829 | Shoals:4 | Entered Level 4 of the Shoals
 65851 | Shoals:4 | Noticed Kirke
 65859 | Shoals:4 | Killed Kirke
 66418 | Shoals:4 | Reached skill level 10 in Dodging
 66647 | Shoals:4 | Noticed Ilsuiw
 66654 | Shoals:4 | Killed Ilsuiw
 66659 | Shoals:4 | Reached skill level 20 in Conjurations
 68212 | Shoals:4 | Got a barnacled rune of Zot
 68805 | D:15     | Entered Level 15 of the Dungeon
 70070 | D:15     | Found a staircase to the Depths.
 70126 | Vaults:1 | Entered Level 1 of the Vaults
 70855 | Vaults:1 | Found Kucim's Magic Scroll Emporium.
 70863 | Vaults:1 | Bought a scroll of teleportation for 57 gold pieces
 70863 | Vaults:1 | Bought a scroll of magic mapping for 142 gold pieces
 70863 | Vaults:1 | Bought a scroll of teleportation for 57 gold pieces
 70863 | Vaults:1 | Bought a scroll of teleportation for 57 gold pieces
 70876 | Vaults:1 | Reached skill level 15 in Spellcasting
 70938 | Vaults:1 | Learned a level 7 spell: Orb of Destruction
 71575 | Vaults:1 | Reached XP level 19. HP: 99/128 MP: 21/38
 71583 | Vaults:1 | HP: 6/128 [war gargoyle/+3 antimagic lajatang[a
                  | peacekeeper] (22)]
 71583 | Vaults:1 | Shot with a bolt by a vault warden

Illustrated notes

Levels and vault maps discovered:
D:1:      wander_arrival_desolate, layout_rooms, nrook_mini_vaults,
          minivault_26, corner_web_ring, minmay_tetromino_i2
D:2:      layout_basic, serial_shops, nicolae_shop_trees
D:3:      layout_rooms, mainiacjoe_overflow_tiny_flanked,
          shapermc_ecumenical_altar_mp_urbaneastern,
          minmay_fractal_squares_diagonal_5, uniq_grinder, uniq_ijyb,
          uniq_jessica
D:4:      layout_layer_cave, grunt_nemelex_the_gamble, lightli_temple_of_fire,
          nicolae_uskayaw_en_pointe, serial_shops, shop_statue,
          minmay_manual_mail
D:5:      layout_basic, nzn_wu_jian_council_hall, kennysheep_little_box
D:6:      layout_rooms, mainiacjoe_overflow_24_doors, serial_shops, shop,
          nicolae_eternal_life, dreamdust_princess_corridor, uniq_eustachio
D:7:      layout_gridville, mainiacjoe_overflow_surrounded_room,
          minmay_temple_entry_slanted, ebering_ghost_rock_garden,
          serial_co_window_serial, co_window_paths_a, co_window_corner_a,
          co_window_paths_a, co_window_corner_a, co_window_paths_b,
          co_window_paths_a, co_window_paths_b, co_window_unsneaky_path_e,
          co_window_corner_b, co_window_paths_c, co_window_cross_4,
          co_window_broadway_b, co_window_of_opportunity_c, glass_columns_a,
          glass_columns_a, glass_columns_c, glass_columns_b, glass_columns_b,
          uniq_pikel, uniq_joseph
D:8:      layout_basic
D:9:      gammafunk_jiyva_shrine, layout_basic,
          mainiacjoe_overflow_cross_hatched, amcnicky_altar_gilded,
          enter_bailey_5, serial_curves, eino_curves_02, eino_curves_03,
          minivault_7
D:10:     layout_basic, minmay_orc_entry_guard_dogs
D:11:     layout_stronghold, minmay_lair_entry_grove, lemuel_flamethrower_1
D:12:     layout_basic, gauntlet_entry_generic, led_sif_book
D:13:     four-leaf_vault, layout_basic, gammafunk_ghost_arena
D:14:     layout_long_grid, erik_vaults_2, roderic_serpentine_path,
          hellmonk_bongcloud_opening, minmay_crystal_box
D:15:     gammafunk_enter_depths_forms, layout_rooms
Lair:1:   lemuel_reptile_caves, layout_cave_pods, serial_bayou_shore_a
Lair:2:   layout_chaotic_city, elwin_shoals_entry_rooms, disabler_island,
          uniq_urug
Lair:3:   layout_cave_pods, gammafunk_ghost_necromancy, lemuel_fruit_tree
Lair:4:   layout_concentric_octagons, dpeg_slime_entry_enclosed
Lair:5:   hangedman_lair_in_review, layout_hall_layers, wormcave,
          nicolae_quartered_pool_super, nicolae_lair_yak_garden
Shoals:1: cheibrodos_shoals_oceanic_diplomacy, layout_shoals,
          nicolae_shoals_square_sea_wall, st_shoals_ruin, uniq_josephine
Shoals:2: layout_shoals, gammafunk_ghost_cemetery
Shoals:3: layout_shoals, nicolae_shoals_flooded_hall
Shoals:4: shoals_end_grunt_ice, layout_shoals, shoals_ilsuiw_ice, uniq_kirke
Snake:1:  layout_grid_shapes, nicolae_snake_serpentine_hallways, evilmike_ambush
          [evilmike_ambush_outer_basic, evilmike_ambush_inner_wall_1],
          uniq_donald
Snake:2:  nicolae_aizul_guard, layout_gridlike, basic_altar, grunt_megastairs_5
Snake:3:  layout_basic, serial_shops, shop, serial_nicolae_subway,
          nicolae_sub_station_metal, nicolae_sub_station_crystal,
          nicolae_sub_station_stone, uniq_aizul
Snake:4:  snake_pit, layout_rooms, portal_ice_cave_entry_ice_statue_one,
          nicolae_fountain_basement, grunt_megastairs_3, minmay_shop_grove,
          uniq_agnes
Orc:1:    layout_caves, serial_shops, shop, shop, minmay_orc_barracks
Orc:2:    grunt_orc_community_town_hall, layout_caves,
          grunt_orc_community_big_house_2, grunt_orc_community_big_house_2,
          grunt_orc_community_house_2, grunt_orc_community_house_3,
          grunt_orc_community_house_3, grunt_orc_community_house_2
Vaults:1: nicolae_vaults_little_ls, v_alt_pattern_6, hangedman_vaults_snaps,
          v_misc_3, hangedman_vaults_stitches, ontoclasm_vaults_ring_square,
          v_rooms_4, vaults_room_door_ring, v_misc_25, ontoclasm_vaults_gallery,
          hangedman_vaults_slice, ontoclasm_vaults_twist,
          nicolae_vaults_little_squares_3, layout_vaults_big_cross,
          serial_shops, shop

Skill      XL: |  1  2  3  4  5  6  7  8  9 10 11 12 13 14 15 16 17 18 19 |
---------------+----------------------------------------------------------+-----
Conjurations   | 5 7 8 9 11 12 13 14 16 18 19 20 | 20.4
Translocations | 2 3 6 7 8 |  8.0
Invocations    | 2 5 6 8 9 10 11 12 | 12.0
Spellcasting   | 3 4 6 7 9 12 14 15 | 15.1
Dodging        | 3 6 8 9 10 | 10.0
Fighting       | 2 |  2.0
Ice Magic      | 5 8 11 14 | 14.5
Earth Magic    | 2 6 9 10 11 | 11.0
Summonings     | 4 6 8 |  8.0
Stealth        | |  1.7

Action                   |  1- 3 |  4- 6 |  7- 9 | 10-12 | 13-15 | 16-18 | 19-21 || total
-------------------------+-------+-------+-------+-------+-------+-------+-------++-------
Melee: Short sword       |    25 |     3 |       |       |       |       |       ||    28
       Tailslap          |     4 |     2 |       |     4 |    17 |     5 |       ||    32
       Whip              |       |       |     1 |     3 |       |       |       ||     4
       Staff             |       |       |       |    26 |   118 |    31 |     1 ||   176
       Punch             |       |       |       |       |     1 |       |       ||     1
 Cast: Magic Dart        |    95 |    33 |    92 |   162 |   251 |   374 |     1 ||  1008
       Searing Ray       |     1 |    15 |    84 |   146 |    84 |       |       ||   330
       Iskenderun's Myst |       |       |     2 |    43 |   121 |    61 |     1 ||   228
       Apportation       |       |       |     5 |     3 |       |     3 |       ||    11
       Fulminant Prism   |       |       |     1 |    33 |    10 |       |       ||    44
       Lesser Beckoning  |       |       |       |     2 |    13 |     3 |       ||    18
       Teleport Other    |       |       |       |     1 |       |       |       ||     1
       Freezing Cloud    |       |       |       |       |   180 |   188 |     1 ||   369
       Shatter           |       |       |       |       |     1 |       |       ||     1
       Stone Arrow       |       |       |       |       |   240 |   211 |       ||   451
       Spellforged Servi |       |       |       |       |    10 |   114 |     1 ||   125
       Iskenderun's Batt |       |       |       |       |       |   107 |       ||   107
       Ozocubu's Armour  |       |       |       |       |       |     4 |       ||     4
Invok: Channel Magic     |       |       |       |     6 |     6 |     2 |     1 ||    15
       Forget Spell      |       |       |       |       |     3 |       |       ||     3
       Divine Exegesis   |       |       |       |       |     1 |       |       ||     1
 Abil: Breathe Frost     |       |       |     3 |    21 |    25 |    21 |     1 ||    71
Evoke: Wand              |       |       |     1 |       |     8 |     1 |       ||    10
       Phial of floods   |       |       |       |     1 |     2 |     1 |       ||     4
       Condenser vane    |       |       |       |       |     1 |       |       ||     1
  Use: Scroll            |     4 |       |    16 |    11 |     8 |     4 |       ||    43
       Potion            |       |       |       |     6 |     8 |    12 |     1 ||    27
Armor: Skin              |    10 |    21 |    50 |   130 |   220 |    97 |     1 ||   529
Dodge: Dodged            |    18 |    17 |    63 |   237 |   315 |   270 |     7 ||   927
Block: Other             |       |       |       |    18 |    68 |       |       ||    86
       Reflection        |       |       |       |       |     3 |       |       ||     3

Table legend: (Time is in decaauts)
 A = Elapsed time spent in this place.
 B = Non-inter-level travel time spent in this place.
 C = Inter-level travel time spent in this place.
 D = Time resting spent in this place.
 E = Time spent auto-exploring this place.
 F = Levels seen in this place.
 G = Mean time per level.
                   A        B        C        D        E       F      G
               +--------+--------+--------+--------+--------+-----+--------+
         Total |  72087 |  69986 |   2101 |  42753 |  14745 |  33 | 2184.5 |
       Dungeon |  21393 |  20597 |    796 |   8568 |   8267 |  15 | 1426.2 |
          Lair |  18103 |  17418 |    685 |  11752 |   2786 |   5 | 3620.6 |
        Shoals |  10333 |  10004 |    329 |   6716 |   1537 |   4 | 2583.2 |
     Snake Pit |  11714 |  11492 |    222 |   8267 |   1195 |   4 | 2928.5 |
  Orcish Mines |   6131 |   6063 |     68 |   4529 |    826 |   2 | 3065.5 |
        Vaults |   1459 |   1459 |      0 |   1034 |      0 |   1 | 1459.0 |
        Bailey |   1063 |   1063 |      0 |    576 |    132 |   1 | 1063.0 |
      Gauntlet |   1888 |   1888 |      0 |   1311 |      0 |   1 | 1888.0 |
               +--------+--------+--------+--------+--------+-----+--------+

Top non-repeatable levels by time:
  Lair:2: 5569 daAuts
  Lair:5: 5299 daAuts
   Orc:1: 4331 daAuts
 Snake:2: 3585 daAuts
    D:13: 3403 daAuts
  Lair:4: 3400 daAuts
 Snake:3: 3312 daAuts
Shoals:3: 3153 daAuts
    D:14: 2987 daAuts
Shoals:4: 2850 daAuts
 Snake:1: 2426 daAuts
 Snake:4: 2390 daAuts
Shoals:1: 2278 daAuts
  Lair:1: 2092 daAuts
Shoals:2: 2051 daAuts
